 Dungeon Crawl Stone Soup version 0.16-a0-3667-g690a316 (webtiles) character file.

396 Ekaitz the Digger (level 6, -7/46 HPs)
             Began as a Bearkin Earth Elementalist on May 4, 2015.
             Killed by nerve-wracking pain
             ... invoked by Grinder
              (10 damage)
             ... on level 4 of the Dungeon.
             The game lasted 00:13:31 (4539 turns).

Ekaitz the Digger (Bearkin Earth Elementalist)      Turns: 4539, Time: 00:13:31

Health: -7/46      AC:  5    Str: 13    XL:     6   Next: 52%
Magic:  11/11      EV: 13    Int: 15    God:
Gold:   142        SH:  0    Dex: 12    Spells: 4 memorised, 1 level left

rFire  . . .     SeeInvis .       - Unarmed
rCold  . . .     Clarity  .     c - +0 robe
rNeg   + . .     SustAb   .     (no shield)
rPois  .         Gourm    .     (no helmet)
rElec  .         Spirit   .     u - +0 cloak
rCorr  .         Warding  +     (no gloves)
rMut   .         Stasis   .     (no boots)
MR     .....                    h - amulet of warding
Stlth  ++........               (no ring)
                                (no ring)

@: hasted, very quick, not resistant to hostile enchantments, unstealthy
A: claws 1, fangs 1, shaggy fur 2, hind claws 1, cornered berserk
a: Cornered Berserk


You were on level 4 of the Dungeon.
You were not hungry.

You visited 1 branch of the dungeon, and saw 4 of its levels.

You collected 142 gold pieces.

Inventory:

Hand weapons
 s - a +2 flail of crushing
Missiles
 b - 26 stones (quivered)
 e - 2 javelins
 l - 2 tomahawks of returning
Armour
 c - a +0 robe (worn)
 t - a +2 ring mail of poison resistance
 u - a +0 cloak (worn)
 w - a +0 ring mail of positive energy
Magical staves
 x - a cursed staff of poison {unknown}
Jewellery
 h - an amulet of warding (around neck)
Magical devices
 y - a wand of disintegration (1)
Scrolls
 j - a scroll of enchant weapon {unknown}
 n - a scroll of recharging {unknown}
 o - 4 scrolls of identify {unknown}
 q - a scroll of magic mapping {unknown}
 r - a scroll of enchant armour {unknown}
 v - a scroll of fear {unknown}
Potions
 g - a potion of beneficial mutation {unknown}
 i - 2 potions of restore abilities {unknown}
 k - a potion of brilliance {unknown}
 m - a potion of curing {unknown}
Books
 d - a book of Geomancy

   Spells                             Type                      Level
   a - Sandblast                      Earth                        1
   b - Stoneskin                      Transmutation/Earth          2
   c - Passwall                       Transmutation/Earth          3
   d - Stone Arrow                    Conjuration/Earth            3
   e - Petrify                        Transmutation/Earth          4
   f - Lee's Rapid Deconstruction     Earth                        5
Comestibles
 a - 3 bread rations
 f - 2 fruits
 z - 2 meat rations


   Skills:
 * Level 2.4 Fighting
 + Level 2.9 Dodging
 - Level 1.5 Stealth
 * Level 2.8 Unarmed Combat
 + Level 2.9 Spellcasting
 * Level 2.3 Transmutations
 + Level 4.0 Earth Magic


You had one spell level left.
You knew the following spells:

 Your Spells              Type           Power        Failure   Level  Hunger
a - Sandblast             Erth           ##....       4%          1    #......
b - Stoneskin             Trmt/Erth      ##......     12%         2    ##.....
c - Passwall              Trmt/Erth      ##........   21%         3    ###....
d - Stone Arrow           Conj/Erth      #.....       30%         3    ###....


Dungeon Overview and Level Annotations

Branches:
Dungeon (4/15)
 Temple: D:4-7

Altars:

Annotations:
D:4 Edmund, Grinder


Innate Abilities, Weirdness & Mutations

You have sharp fingernails.
You have very sharp teeth.
You are covered in thick fur (AC +2).
Your hind legs have claws.
You can berserk when greatly wounded.


Message History

There is an open door here.
You open the door.
Grinder comes into view.
Grinder shouts!
There is an open door here.
Grinder gestures at you. Pain shoots through your body!
* * * LOW HITPOINT WARNING * * *
Read which item? (? for menu, Esc to quit)
As you read the scroll labeled BEKUSU PSAU, it crumbles to dust.
You hear a loud clanging noise!
It was a scroll of noise.
You hear a shout!
Grinder hits you but does no damage.
Drink which item? (? for menu, Esc to quit)
You feel yourself speed up.
You feel less exhausted. Grinder gestures at you.
Pain shoots through your body!
You die...

...#.....# .....#...
..%#.....# ....#....
...'.....+ ........
..##.....# #.....
..#....#########..##
..+....'.......'...#
..#....#.<.....#...#
+##....#'####+##'###
##'#....# #.@5.#
+..+....+ +....+
#..#....# #....#
#..#....# #....#
#+##....# #....#
...... ##+#..
........ ...
........ ... ...


You could see Grinder.

Vanquished Creatures
  A giant frog (D:3)
  Blork the orc (D:4)
  An orc priest (D:3)
  A worker ant (D:4)
  Natasha (twice) (D:3)
  Terence (D:2)
  8 adders
  3 oozes
  10 orcs
  A bat skeleton (D:4)
  9 goblins
  7 hobgoblins
  4 kobolds
  2 ball pythons (D:1)
  7 bats
  5 giant cockroaches
  5 giant geckos
  5 giant newts
  3 quokkas
  12 rats
88 creatures vanquished.

Notes
Turn   | Place    | Note
--------------------------------------------------------------
     0 | D:1      | Ekaitz, the Bearkin Earth Elementalist, began the quest for the Orb.
     0 | D:1      | Reached XP level 1. HP: 13/13 MP: 3/3
   101 | D:1      | Reached XP level 2. HP: 12/20 MP: 4/4
   105 | D:1      | Learned a level 2 spell: Stoneskin
   347 | D:1      | Reached skill level 1 in Fighting
   714 | D:1      | Reached skill level 1 in Unarmed Combat
   839 | D:2      | Reached XP level 3. HP: 17/26 MP: 6/6
   888 | D:2      | Learned a level 3 spell: Passwall
  1534 | D:2      | Noticed Terence
  1568 | D:2      | HP: 1/26 [kobold (3)]
  1757 | D:2      | Gained mutation: You have very sharp teeth. [bearkin transformation]
  1757 | D:2      | Reached XP level 4. HP: 13/32 MP: 7/7
  2766 | D:3      | Noticed Natasha
  2776 | D:3      | Killed Natasha
  2776 | D:3      | Reached XP level 5. HP: 28/37 MP: 4/9
  2786 | D:3      | Learned a level 3 spell: Stone Arrow
  3742 | D:4      | Noticed Edmund
  3912 | D:2      | Killed Terence
  3931 | D:3      | Noticed Natasha
  4092 | D:3      | Killed Natasha
  4092 | D:3      | Gained mutation: You are covered in thick fur (AC +2). [bearkin transformation]
  4092 | D:3      | Reached XP level 6. HP: 13/44 MP: 7/11
  4487 | D:4      | Noticed Blork the orc
  4503 | D:4      | Killed Blork the orc
  4503 | D:4      | Reached skill level 4 in Earth Magic
  4536 | D:4      | Noticed Grinder
  4537 | D:4      | HP: 2/46 [Grinder/nerve-wracking pain (8)]
  4539 | D:4      | Killed from afar by Grinder

Action                   |  1- 3 |  4- 6 || total
-------------------------+-------+-------++-------
Melee: Unarmed           |   191 |   178 ||   369
 Cast: Sandblast         |    18 |    42 ||    60
       Stoneskin         |     4 |    14 ||    18
       Stone Arrow       |       |     1 ||     1
       Passwall          |       |     1 ||     1
 Abil: Cornered Berserk  |     2 |     3 ||     5
  Use: Scroll            |     1 |     1 ||     2
       Potion            |       |     1 ||     1
 Stab: Sleeping          |     2 |     2 ||     4
  Eat: Chunk             |     4 |    14 ||    18
